 Dungeon Sprint DCSS version 0.18-a0-1788-g92de1ac (webtiles) character file.

16700000 wvc the Axe Maniac (level 27, -146/249 HPs)
             Began as a Demonspawn Gladiator on Apr 19, 2016.
             Was the Champion of Makhleb.
             Annihilated by a fleshlord
             ... wielding a +9 great mace
              (321 damage)
             ... in the Dungeon (Sprint VIII: "Arena of Blood").
             The game lasted 00:07:58 (167 turns).

wvc the Axe Maniac (Demonspawn Gladiator)            Turns: 167, Time: 00:08:50

Health: -146/249   AC: 12    Str: 25    XL:     27
Magic:  54/54      EV: 44    Int:  9    God:    Makhleb [******]
Gold:   0          SH:  4    Dex: 28    Spells: 0 memorised, 80 levels left

rFire  + . .     SeeInvis .     l - +∞ Axe of Woe
rCold  . . .     Gourm    .     b - +0 leather armour
rNeg   . . .     Faith    .     (shield currently unavailable)
rPois  .         Spirit   .     c - +0 helmet
rElec  .         Dismiss  .     (no cloak)
rCorr  .         Reflect  .     (no gloves)
SustAt .         Harm     .     (boots unavailable)
MR     ++...     NoTele   +     (no amulet)
Stlth  ++++++++++               (no ring)
                                (no ring)

@: mighty, agile, lethally poisoned (-146 -> -190), slowed, very slow, very
resistant to hostile enchantments, uncannily stealthy
A: talons 3, large bone plates 3, fire resistance 1, hurl damnation,
nightstalker 3, powered by pain 3, flame cloud immunity
a: Damnation, Minor Destruction, Lesser Servant of Makhleb, Major Destruction,
Greater Servant of Makhleb, Renounce Religion


You were in the Dungeon.
You worshipped Makhleb.
Makhleb was exalted by your worship.
You were not hungry.

You visited 1 branch

Inventory:

Hand Weapons
 a - a +0 war axe
 l - the +∞ Axe of Woe (weapon)
   (You found it in the Dungeon)
Missiles
 d - 3 throwing nets (quivered)
Armour
 b - a +0 leather armour (worn)
 c - a +0 helmet (worn)
Scrolls
 k - a scroll of blinking
Potions
 e - a potion of curing
 g - a potion of heal wounds
 h - a potion of haste
 i - 2 potions of magic
 j - a potion of berserk rage
Comestibles
 f - a bread ration


   Skills:
 O Level 27 Fighting
 O Level 27 Axes
 O Level 27 Throwing
 O Level 27 Armour
 O Level 27 Dodging
 O Level 27 Stealth
 O Level 27 Unarmed Combat
 O Level 27 Spellcasting
 O Level 27 Invocations


You had 80 spell levels left.
You didn't know any spells.

Dungeon Overview and Level Annotations

Branches:
Dungeon (1/1)

Altars:
Makhleb

Annotations:
D The Captor


Innate Abilities, Weirdness & Mutations

You have claws for feet.
You are completely covered in large bone plates (AC +4, SH +4).
Your flesh is heat resistant.
You can hurl damnation.
You are completely attuned to the shadows.
You are powered by pain.
You are immune to clouds of flame.


Message History

There is a burning altar of Makhleb, spattered with blood here.
The scourge hisses angrily.
You slice the dread!! You chop the dread into pieces.
You destroy the dread!
Makhleb accepts your kill.
You feel better.
You slash the bag of meat!
You cleave the bag of meat in twain.
You kill the bag of meat!
Makhleb accepts your kill.
You feel better.
You feel sick.
You hear a shout! x6
The destroyer blinks!
The scourge throws poison at you. The bolt of poison hits you!
You are more poisoned.
You focus on the pain.
You feel mightier all of a sudden.
The fleshlord hits you with a +9 great mace!!!!!!
Ouch! That really hurt!
You die...

..... .. #...
.# . #%.. ..#
.o###... ..###.
.C.§.V###......
L%.§.§_......
#§)...# #@p<._#
#L)...#
oX..)._%.....
..L...###S.....
..###%.. ..###.
. #... ..# #...
.# ..... ..


You could see a tyrant, a destroyer, a scourge and a fleshlord.

Vanquished Creatures
  5 hell beasts (D)
  3 greater mummies (D)
  7 great orbs of eyes (D)
  5 wraiths (D)
  Harold (D)
  17 vampire knights (D)
  32 ogres (D)
  4 liches (D)
  3 hydras (D)
  45 orcs (D)
  6 phantoms (D)
  6 hill giants (D)
  A skeletal warrior (D)
  3 sea snakes (D)
  3 large abominations (D)
141 creatures vanquished.

Vanquished Creatures (others)
  An orc (D)
  A crawling corpse (D)
2 creatures vanquished.

Grand Total: 143 creatures vanquished

Notes
Turn   | Place    | Note
--------------------------------------------------------------
     0 | D        | wvc the Demonspawn Gladiator began the quest for the Orb.
     0 | D        | Reached XP level 1. HP: 16/16 MP: 1/1
     4 | D        | Became a worshipper of Makhleb the Destroyer
     5 | D        | Noticed a meat berserker
     7 | D        | Killed a meat berserker
     7 | D        | Reached skill level 10 in Throwing
     7 | D        | Gained mutation: You have sharp toenails. [demonic ancestry]
     7 | D        | Reached XP level 2. HP: 38/38 MP: 2/2
     7 | D        | Reached XP level 3. HP: 44/44 MP: 3/3
     7 | D        | Gained mutation: You are slightly more attuned to the shadows. [demonic ancestry]
     7 | D        | Reached XP level 4. HP: 51/51 MP: 4/4
     7 | D        | Gained mutation: You have razor-sharp toenails. [demonic ancestry]
     7 | D        | Reached XP level 5. HP: 57/57 MP: 5/5
     7 | D        | Gained mutation: You have claws for feet. [demonic ancestry]
     7 | D        | Reached XP level 6. HP: 64/64 MP: 6/6
     7 | D        | Gained mutation: You are partially covered in large bone plates (AC +2, SH +2). [demonic ancestry]
     7 | D        | Reached XP level 7. HP: 69/69 MP: 7/7
     7 | D        | Reached XP level 8. HP: 76/76 MP: 8/8
     7 | D        | namelastname112: ооо
     7 | D        | Gained mutation: You are significantly more attuned to the shadows. [demonic ancestry]
     7 | D        | Reached XP level 9. HP: 82/82 MP: 9/9
     7 | D        | Reached XP level 10. HP: 89/89 MP: 10/10
     7 | D        | Gained mutation: You are mostly covered in large bone plates (AC +3, SH +3). [demonic ancestry]
     7 | D        | Reached XP level 11. HP: 95/95 MP: 11/11
     7 | D        | Gained mutation: You are completely covered in large bone plates (AC +4, SH +4). [demonic ancestry]
     7 | D        | Reached XP level 12. HP: 102/102 MP: 12/12
     7 | D        | Reached XP level 13. HP: 107/107 MP: 13/13
     8 | D        | namelastname112: найтсталкер
     8 | D        | namelastname112: заебок
    11 | D        | Noticed a bag of meat
    12 | D        | Noticed a bag of meat
    14 | D        | Noticed a bag of meat
    15 | D        | Killed a bag of meat
    15 | D        | Reached * piety under Makhleb
    15 | D        | Killed a bag of meat
    15 | D        | Gained mutation: Your flesh is heat resistant. [demonic ancestry]
    15 | D        | Reached XP level 14. HP: 119/119 MP: 14/14
    18 | D        | Noticed a meat berserker
    18 | D        | Killed a bag of meat
    18 | D        | Reached ** piety under Makhleb
    20 | D        | Noticed a large bag of meat
    20 | D        | Noticed a bag of meat
    21 | D        | Noticed a destroyer
    21 | D        | namelastname112: и рф+
    21 | D        | Killed a meat berserker
    21 | D        | namelastname112: тоже годно
    21 | D        | Gained mutation: You sometimes gain a little power by taking damage. [demonic ancestry]
    21 | D        | Reached XP level 15. HP: 131/131 MP: 15/15
    23 | D        | Noticed a meat berserker
    23 | D        | Killed a destroyer
    23 | D        | Reached skill level 27 in Axes
    23 | D        | Reached skill level 15 in Throwing
    23 | D        | Gained mutation: You are completely attuned to the shadows. [demonic ancestry]
    23 | D        | Reached XP level 16. HP: 143/143 MP: 16/16
    24 | D        | Noticed a meat berserker
    25 | D        | Reached *** piety under Makhleb
    25 | D        | Reached skill level 27 in Dodging
    26 | D        | Killed a meat berserker
    26 | D        | Reached XP level 17. HP: 164/164 MP: 17/17
    27 | D        | Killed a large bag of meat
    27 | D        | Reached **** piety under Makhleb
    27 | D        | Killed a meat berserker
    27 | D        | Reached skill level 27 in Fighting
    27 | D        | Reached XP level 18. HP: 182/182 MP: 18/18
    28 | D        | Noticed a large bag of meat
    30 | D        | Reached ***** piety under Makhleb
    30 | D        | Reached skill level 27 in Throwing
    32 | D        | Noticed a meat berserker
    32 | D        | Killed a large bag of meat
    32 | D        | Reached skill level 10 in Armour
    32 | D        | Reached skill level 10 in Unarmed Combat
    32 | D        | Reached skill level 10 in Spellcasting
    32 | D        | Gained mutation: You sometimes gain power by taking damage. [demonic ancestry]
    32 | D        | Reached XP level 19. HP: 189/189 MP: 18/33
    33 | D        | Reached skill level 15 in Invocations
    34 | D        | Noticed a meat berserker
    34 | D        | Noticed an eight-headed meat hydra
    35 | D        | Killed a meat berserker
    35 | D        | Reached skill level 15 in Stealth
    35 | D        | Reached ****** piety under Makhleb
    35 | D        | Reached skill level 15 in Armour
    35 | D        | Reached skill level 15 in Unarmed Combat
    35 | D        | Reached skill level 15 in Spellcasting
    35 | D        | namelastname112: а
    35 | D        | namelastname112: зацени
    35 | D        | namelastname112: у гидры тормент
    37 | D        | Noticed a meat berserker
    37 | D        | Killed a meat berserker
    37 | D        | Gained mutation: You are powered by pain. [demonic ancestry]
    37 | D        | Reached XP level 20. HP: 161/197 MP: 25/40
    39 | D        | Noticed a meat berserker
    40 | D        | Noticed a meat berserker
    40 | D        | Killed a meat berserker
    41 | D        | Noticed a meat berserker
    41 | D        | Killed a meat berserker
    43 | D        | Noticed a destroyer
    43 | D        | Killed a meat berserker
    43 | D        | Killed a meat berserker
    45 | D        | Killed a destroyer
    47 | D        | Killed a nine-headed meat hydra
    49 | D        | Reached skill level 27 in Invocations
    49 | D        | Gained mutation: You are immune to clouds of flame. [demonic ancestry]
    49 | D        | Reached XP level 21. HP: 204/204 MP: 43/45
    50 | D        | namelastname112: нормас
    56 | D        | Noticed an accursed
    58 | D        | Noticed a tyrant
    58 | D        | Killed an accursed
    58 | D        | Reached XP level 22. HP: 201/212 MP: 46/50
    62 | D        | Killed a tyrant
    62 | D        | Reached skill level 27 in Stealth
    65 | D        | Noticed an accursed
    65 | D        | Noticed The Captor
    75 | D        | Reached skill level 27 in Armour
    75 | D        | Reached skill level 27 in Unarmed Combat
    75 | D        | Reached skill level 27 in Spellcasting
    78 | D        | Reached XP level 23. HP: 219/219 MP: 52/54
    89 | D        | Noticed a destroyer
    92 | D        | Killed a destroyer
    96 | D        | Reached XP level 24. HP: 227/227 MP: 54/54
    97 | D        | Noticed a meat beast
    98 | D        | Noticed a meat beast
    98 | D        | Killed a meat beast
    98 | D        | Gained mutation: You can hurl damnation. [demonic ancestry]
    98 | D        | Reached XP level 25. HP: 234/234 MP: 54/54
    99 | D        | Killed a meat beast
    99 | D        | Reached XP level 26. HP: 242/242 MP: 54/54
   101 | D        | Noticed a meat beast
   103 | D        | Reached XP level 27. HP: 218/249 MP: 54/54
   103 | D        | Killed a meat beast
   106 | D        | Killed an accursed
   113 | D        | Noticed a tyrant
   115 | D        | Noticed a meat beast
   115 | D        | Noticed a meat beast
   116 | D        | Killed a meat beast
   117 | D        | Killed a meat beast
   119 | D        | Noticed a destroyer
   120 | D        | Killed a tyrant
   121 | D        | Noticed The Servant
   123 | D        | Noticed a destroyer
   123 | D        | Noticed a dread
   123 | D        | Noticed a tyrant
   124 | D        | Noticed a destroyer
   124 | D        | Noticed a tyrant
   124 | D        | Killed The Servant
   125 | D        | Noticed a destroyer
   126 | D        | Killed a dread
   126 | D        | Killed a destroyer
   127 | D        | Noticed an accursed
   127 | D        | Killed a destroyer
   127 | D        | Killed a destroyer
   129 | D        | Noticed a destroyer
   129 | D        | Killed a tyrant
   130 | D        | Noticed a destroyer
   131 | D        | Noticed a dread
   131 | D        | Killed a destroyer
   132 | D        | Noticed a destroyer
   132 | D        | Killed an accursed
   133 | D        | Killed a destroyer
   133 | D        | Killed a destroyer
   134 | D        | Noticed a destroyer
   135 | D        | Killed a destroyer
   135 | D        | Killed a destroyer
   137 | D        | Noticed a destroyer
   140 | D        | Noticed a destroyer
   141 | D        | Noticed a destroyer
   142 | D        | Noticed a tyrant
   142 | D        | Killed a dread
   142 | D        | Killed a destroyer
   143 | D        | Noticed a dread
   144 | D        | Noticed a destroyer
   147 | D        | Noticed a destroyer
   147 | D        | Killed a destroyer
   147 | D        | Killed a destroyer
   148 | D        | Killed a dread
   148 | D        | Killed a destroyer
   148 | D        | namelastname112: о
   148 | D        | namelastname112: пришел парень
   150 | D        | Killed a destroyer
   150 | D        | namelastname112: ищи его теперь правда
   152 | D        | namelastname112: хотя он тебя сам найдет, я думаю
   156 | D        | Killed a tyrant
   159 | D        | Noticed a dread
   160 | D        | Noticed a dread
   161 | D        | Noticed a destroyer
   161 | D        | Noticed a tyrant
   162 | D        | Killed a dread
   163 | D        | Noticed a fleshlord
   164 | D        | Killed a destroyer
   167 | D        | Noticed a destroyer
   167 | D        | Killed a dread
   167 | D        | Annihilated by a fleshlord

Vault maps used:
D:        meatsprint

Skill      XL: |  1  2  3  4  5  6  7  8  9 10 11 12 13 14 15 16 17 18 19 20 21 22 |
---------------+-------------------------------------------------------------------+-----
Fighting       | 11 13 16 18 23 27 | 27.0
Axes           | 19 21 24 27 | 27.0
Throwing       | 10 12 14 15 20 23 27 | 27.0
Dodging        | 18 21 24 26 27 | 27.0
Armour         | 10 16 20 24 27 | 27.0
Stealth        | 11 17 22 26 27 | 27.0
Unarmed Combat | 10 16 20 24 27 | 27.0
Spellcasting   | 10 16 20 24 27 | 27.0
Invocations    | 14 21 27 | 27.0

Action                   |  1- 3 |  4- 6 |  7- 9 | 10-12 | 13-15 | 16-18 | 19-21 | 22-24 | 25-27 || total
-------------------------+-------+-------+-------+-------+-------+-------+-------+-------+-------++-------
Melee: Executioner's axe |     1 |       |       |       |     4 |     7 |    14 |    10 |    53 ||    89
Armor: Leather armour    |       |       |       |       |       |       |       |       |     5 ||     5
Dodge: Dodged            |       |       |       |       |       |       |     1 |       |    11 ||    12
Block: Other             |       |       |       |       |       |       |       |     1 |       ||     1
